 Dungeon Crawl Stone Soup version 0.30-a0-457-g4b7bca3bfa (webtiles) character file.

Game seed: 9517404916937756207

186 Bnni the Grave Robber (level 5, -1/38 HPs)
             Began as a Demonspawn Necromancer on Dec 13, 2022.
             Slain by an ogre
             ... wielding a +0 giant club
              (22 damage)
             ... on level 4 of the Dungeon.
             The game lasted 00:05:14 (2835 turns).

Bnni the Grave Robber (Demonspawn Necromancer)      Turns: 2835, Time: 00:05:15

Health: -1/38      AC:  4    Str:  9    XL:     5   Next: 38%
Magic:  0/18       EV: 11    Int: 18    God:
Gold:   102        SH:  0    Dex: 13    Spells: 1/9 levels left

rFire   + . .      SeeInvis .    f - +2 whip (pain)
rCold   . . .      Faith    .    (no shield)
rNeg    . . .      Spirit   +    y - +0 leather armour
rPois   .          Reflect  .    (no helmet)
rElec   .          Harm     .    (no cloak)
rCorr   .          Rampage  .    h - +0 pair of gloves
Will    .....                    (no boots)
Stlth   ++........               p - amulet of magic regeneration
HPRegen 0.26/turn                r - ring of magical power
MPRegen 0.72/turn                t - ring of protection from fire

@: no status effects
A: hooves 1, magic shield, magic regeneration, magic link
a: no special abilities


You were on level 4 of the Dungeon.
You visited 1 branch of the dungeon, and saw 4 of its levels.

You collected 102 gold pieces.

Inventory:

Hand Weapons
 b - a +3 dagger
 c - a +2 dagger of venom
 f - a +2 whip of pain (weapon)
Missiles
 m - 3 poisoned darts
Armour
 h - a +0 pair of gloves (worn)
 x - a +0 scale mail of poison resistance
 y - a +0 leather armour (worn)
Jewellery
 a - a ring of ice
 p - an amulet of magic regeneration (around neck)
 r - a ring of magical power (left hand)
 t - a ring of protection from fire (right hand)
Scrolls
 d - 2 scrolls of brand weapon {unknown}
 e - 3 scrolls of identify {unknown}
 g - a scroll of torment {unknown}
 i - a scroll of fear {unknown}
 j - 3 scrolls of blinking {unknown}
 k - 6 scrolls of teleportation {unknown}
 q - 3 scrolls of amnesia {unknown}
 u - a scroll of immolation {unknown}
 v - a scroll of summoning {unknown}
Potions
 l - 2 potions of curing {unknown}
 n - 2 potions of attraction {unknown}
 o - a potion of might {unknown}
 s - a potion of cancellation {unknown}
 w - 2 potions of mutation {unknown}


   Skills:
 + Level 1.8 Fighting
 * Level 2.2 Maces & Flails
 - Level 1.7 Dodging
 - Level 1.7 Stealth
 + Level 2.7 Spellcasting
 * Level 5.7 Necromancy


You had one spell level left.
You knew the following spells:

 Your Spells              Type           Power      Damage    Failure   Level
a - Necrotise             Necr           92%        1d8       2%          1
c - Vampiric Draining     Necr           23%        2d7       7%          3
d - Animate Dead          Necr           23%        N/A       22%         4

Your spell library contained the following spells:

 Spells                   Type           Power      Damage    Failure   Level
 Agony                    Necr           23%        N/A       54%         5


Dungeon Overview and Level Annotations

Branches:
Dungeon (4/15)
 Temple: D:4-7

Altars:
Gozag
Makhleb
Qazlal

Shops:
D:2 *


Innate Abilities, Weirdness & Mutations

You have large cloven feet.
When hurt, damage is shared between your health and your magic reserves.
You regenerate magic rapidly.
When low on magic, you restore magic in place of health.


Message History

An ice beast comes into view.
An ogre comes into view. It is wielding a +0 giant club.
The ogre shouts!
Throw: 7 darts (poison)
Press: ? - help, Shift-Dir - straight line, f - ogre
Aim: an ogre, wielding a +0 giant club (72% to hit)
You throw a poisoned dart. The poisoned dart hits the ogre.
Unknown command.
Throw: 6 darts (poison)
Press: ? - help, Shift-Dir - straight line, f/p - ogre
Aim: an ogre, wielding a +0 giant club (72% to hit)
You throw a poisoned dart. The poisoned dart hits the ogre.
The ogre is poisoned.
Unknown command.
Okay, then.
Unknown command.
Throw: 5 darts (poison)
Press: ? - help, Shift-Dir - straight line, f/p - ogre
Aim: an ogre, wielding a +0 giant club (lightly wounded, poisoned, 72% to hit)
You throw a poisoned dart. The poisoned dart hits the ogre.
The ogre looks even sicker.
The ogre is lightly wounded.
Throw: 4 darts (poison)
Press: ? - help, Shift-Dir - straight line, f/p - ogre
Aim: an ogre, wielding a +0 giant club (lightly wounded, very poisoned, 72% to hit)
You throw a poisoned dart. The poisoned dart hits the ogre.
The ogre looks even sicker.
The ogre is lightly wounded.
You hit the ogre but do no damage.
The ogre writhes in agony.
You kick the ogre.
The ogre is moderately wounded.
The ogre hits you with a +0 giant club!!
You hit the ogre. You kick the ogre.
The ogre is severely wounded.
You hit the ogre but do no damage.
The ogre writhes in agony.
You kick the ogre.
The ogre is almost dead.
The ogre hits you with a +0 giant club!!
Ouch! That really hurt!
You die...

#............
#............
###...........
.............
#.......... # ##
##..##...#
#..##.###....#...##
........#..[.......
#......@OY....#....
#.....###.(........
.......#...(....##.
...#........(...#...
.# #.#.............
# ##..)...#....
##......###.##
##......###...#
.........#....# .


You could see an ice beast and an ogre (very poisoned).

Vanquished Creatures
  A howler monkey (D:4)
  An iguana (D:3)
  4 adders
  A worm (D:4)
  A dart slug (D:3)
  4 orcs (D:3)
  4 bats
  8 endoplasms
  3 giant cockroaches
  10 hobgoblins
  3 jackals (D:3)
  A quokka (D:1)
  8 ball pythons
  4 frilled lizards
  6 goblins
  10 kobolds
  6 rats
75 creatures vanquished.

Vanquished Creatures (collateral kills)
  A frilled lizard (D:1)
  A rat (D:1)
2 creatures vanquished.

Vanquished Creatures (others)
  2 plants (D:3)
2 creatures vanquished.

Grand Total: 79 creatures vanquished

Notes
Turn   | Place    | Note
-------+----------+-------------------------------------------
     0 | D:1      | Bnni the Demonspawn Necromancer began the quest for the
                  | Orb.
     0 | D:1      | Reached XP level 1. HP: 13/13 MP: 3/3
   172 | D:1      | Gained mutation: You regenerate magic rapidly. [demonic
                  | ancestry]
   172 | D:1      | Reached XP level 2. HP: 4/20 MP: 1/5
   769 | D:2      | Gained mutation: When hurt, damage is shared between your
                  | health and your magic reserves. [demonic ancestry]
   769 | D:2      | Reached XP level 3. HP: 25/25 MP: 6/6
   773 | D:2      | Learned a level 3 spell: Vampiric Draining
   794 | D:2      | Reached skill level 1 in Fighting
   794 | D:2      | Reached skill level 1 in Maces & Flails
   794 | D:2      | Reached skill level 5 in Necromancy
   850 | D:2      | Found Exkiop's Assorted Antiques.
  1303 | D:2      | Found an opulent altar of Gozag.
  1713 | D:3      | Gained mutation: You have large cloven feet. [demonic
                  | ancestry]
  1713 | D:3      | Reached XP level 4. HP: 32/32 MP: 7/7
  2172 | D:3      | Found a stormy altar of Qazlal.
  2179 | D:3      | Found a burning altar of Makhleb.
  2519 | D:4      | Gained mutation: When low on magic, you restore magic in
                  | place of health. [demonic ancestry]
  2519 | D:4      | Reached XP level 5. HP: 32/38 MP: 9/9
  2521 | D:4      | Noticed an ogre
  2773 | D:3      | Learned a level 4 spell: Animate Dead
  2823 | D:4      | Noticed an ice beast
  2824 | D:4      | Noticed an ogre
  2835 | D:4      | Slain by an ogre

Illustrated notes

Levels and vault maps discovered:
D:1:      saegor_arrival_fortress, layout_rooms
D:2:      layout_basic, basic_altar, serial_shops, nicolae_shop_statue_plus
D:3:      layout_loops_ring, mainiacjoe_overflow_big_doors, saegor_snake_ambush
D:4:      layout_cave_pools, temple_fountains, nicolae_figureground_sparkle,
          uniq_menkaure, uniq_sigmund

Skill      XL: |  1  2  3  4 |
---------------+-------------+-----
Fighting       | 1 |  1.8
Maces & Flails | 1 2 |  2.2
Necromancy     | 5 |  5.7
Dodging        | |  1.7
Stealth        | |  1.7
Spellcasting   | |  2.7

Action                   |  1- 3 |  4- 6 || total
-------------------------+-------+-------++-------
Melee: Unarmed           |    20 |       ||    20
       Whip              |    88 |    77 ||   165
       Dagger            |     5 |       ||     5
       Kick              |       |    15 ||    15
Throw: Dart              |       |     4 ||     4
 Cast: Necrotise         |    16 |       ||    16
  Use: Potion            |     1 |       ||     1
 Stab: Sleeping          |     3 |     3 ||     6
Armor: Leather armour    |    35 |    16 ||    51
       Robe              |     3 |       ||     3
       Scale mail        |       |    12 ||    12
Dodge: Dodged            |    90 |    43 ||   133

Table legend: (Time is in decaauts)
 A = Elapsed time spent in this place.
 B = Non-inter-level travel time spent in this place.
 C = Inter-level travel time spent in this place.
 D = Time resting spent in this place.
 E = Time spent auto-exploring this place.
 F = Levels seen in this place.
 G = Mean time per level.
                   A        B        C        D        E       F      G
               +--------+--------+--------+--------+--------+-----+--------+
         Total |   2870 |   2683 |    187 |    126 |   2002 |   4 |  717.5 |
       Dungeon |   2870 |   2683 |    187 |    126 |   2002 |   4 |  717.5 |
               +--------+--------+--------+--------+--------+-----+--------+

Top non-repeatable levels by time:
     D:3: 1109 daAuts
     D:2: 904 daAuts
     D:1: 727 daAuts
     D:4: 129 daAuts
